 Dungeon Crawl Stone Soup version 0.28-a0-194-g42b4daccc1 (webtiles) character file.

Game seed: 17808226879883309681

57 powerkranz the Cudgeller (level 4, -5/27 HPs)
             Began as a Gargoyle Gladiator on Aug 19, 2021.
             Slain by a hobgoblin (6 damage)
             ... led by Robin
             ... on level 2 of the Dungeon.
             The game lasted 00:07:05 (1594 turns).

powerkranz the Cudgeller (Gargoyle Gladiator)       Turns: 1594, Time: 00:07:05

Health: -5/27      AC:  7    Str: 18    XL:     4   Next: 0%
Magic:  4/4        EV: 12    Int:  9    God:
Gold:   90         SH:  0    Dex: 11    Spells: 3/3 levels left

rFire   . . .      SeeInvis .   a - +0 flail
rCold   . . .      Faith    .   (no shield)
rNeg    + . .      Spirit   .   b - +0 leather armour
rPois   ∞          Reflect  .   c - +0 helmet
rElec   +          Harm     .   (no cloak)
rCorr   .          Rampage  .   (no gloves)
Will    .....                   (no boots)
Stlth   +.........              (no amulet)
HPRegen 0.09/turn               (no ring)
MPRegen 0.09/turn               (no ring)

@: no status effects
A: sickness immunity, AC +3, negative energy resistance 1, electricity
resistance, torment resistance 1, petrification resistance
a: no special abilities


You were on level 2 of the Dungeon.
You visited 1 branch of the dungeon, and saw 2 of its levels.

You collected 90 gold pieces.

Inventory:

Hand Weapons
 a - a +0 flail (weapon)
Missiles
 d - 2 throwing nets (quivered)
Armour
 b - a +0 leather armour (worn)
 c - a +0 helmet (worn)
Magical Staves
 h - a staff of death
Scrolls
 e - a scroll of blinking {unknown}
 g - 2 scrolls of teleportation
 i - 2 scrolls of amnesia {unknown}
 k - a scroll of identify
 l - a scroll of fog {unknown}
Potions
 f - a potion of berserk rage {unknown}
 j - a potion of magic {unknown}


   Skills:
 + Level 2.4 Fighting
 + Level 3.9 Maces & Flails
 + Level 1.9 Throwing
 + Level 0.4 Armour
 + Level 3.0 Dodging
 + Level 0.1 Stealth


You had 3 spell levels left.
You didn't know any spells.
Your spell library contained the following spells:

 Spells                   Type           Power      Damage    Failure   Level
 Animate Skeleton         Necr           0%         N/A       43%         1
 Pain                     Necr           0%         1d4       43%         1
 Vampiric Draining        Necr           0%         2d6       82%         3


Dungeon Overview and Level Annotations

Branches:
Dungeon (2/15)

Altars:

Annotations:
D:2 Robin


Innate Abilities, Weirdness & Mutations

You are immune to sickness and miasma.
Your stone body is resilient. (AC +3)
You are immune to poison.
You resist negative energy. (rN+)
You are resistant to electric shocks. (rElec)
You are resistant to unholy torment.
You are immune to petrification.


Message History

* * * LOW HITPOINT WARNING * * *
Robin roars a battlecry!
The goblin goes into a battle-frenzy!
As you read the scroll of teleportation, it crumbles to dust.
You feel strangely unstable. The goblin hits you but does no damage.
Unknown command.
Things that are here:
a +0 dagger; a +0 club; a goblin corpse Your surroundings suddenly seem different.
The goblin unwields a +0 club.
The goblin wields a +0 hunting sling.
The goblin shoots a stone.
The stone misses you.
Found a book of Necromancy.
Found a stone staircase leading down.
Found a pair of boots.
You see here a book of Necromancy.
You pick up a book of Necromancy and begin reading...
You add the spells Pain, Animate Skeleton and Vampiric Draining to your library.
The goblin no longer looks unusually strong.
Found 16 gold pieces.
Robin roars a battlecry!
The goblin goes into a battle-frenzy!
The hobgoblin no longer looks unusually strong.
The hobgoblin misses you.
Found 15 arrows.
You see here 16 gold pieces.
The goblin shoots a stone.
The stone barely misses you.
You closely miss the hobgoblin.
The hobgoblin hits you but does no damage.
Robin roars a battlecry!
The hobgoblin goes into a battle-frenzy!
You barely miss the hobgoblin. The hobgoblin misses you.
Robin throws the goblin at you!
* * * LOW HITPOINT WARNING * * *
You hit the hobgoblin but do no damage. The hobgoblin hits you.
* * * LOW HITPOINT WARNING * * *
The goblin unwields a +0 hunting sling.
The goblin wields a +0 club.
The goblin closely misses you.
You sock the goblin!
You kill the goblin!
The hobgoblin hits you.
You die...

###.####...###.#
.... # #.# #...#
##.. ##..## #
#.. .....#
..####....### #
..........
####........# #
#####..##
#>##.###.######
# #.##
#..g...g......#
# #.#
#.[#####.##.#.#
# #(#####..#
##.# #
#..)@gg$.# #.g#
# ########.#
##.## .# #
#.###...##.#g#
#.##.#.#.....#
#.....g).....#
###.#.#....##
##..)##.##
#######g## .#
#..g.)...# .


You could see Robin and a hobgoblin (strong).

Vanquished Creatures
  2 worms (D:2)
  A dart slug (D:1)
  3 ball pythons
  5 endoplasms
  A giant cockroach (D:2)
  5 hobgoblins
  4 jackals (D:1)
  3 quokkas
  3 bats
  2 frilled lizards (D:1)
  8 goblins
  2 kobolds (D:1)
  7 rats
46 creatures vanquished.

Vanquished Creatures (others)
  A plant (D:1)
1 creature vanquished.

Grand Total: 47 creatures vanquished

Notes
Turn   | Place    | Note
-------+----------+-------------------------------------------
     0 | D:1      | powerkranz the Gargoyle Gladiator began the quest for the
                  | Orb.
     0 | D:1      | Reached XP level 1. HP: 12/12 MP: 1/1
   137 | D:1      | Reached XP level 2. HP: 16/17 MP: 2/2
   245 | D:1      | Found a faded altar of an unknown god.
   306 | D:1      | Reached XP level 3. HP: 9/21 MP: 3/3
  1544 | D:2      | Noticed Robin
  1568 | D:2      | Reached XP level 4. HP: 9/27 MP: 4/4
  1593 | D:2      | HP: 1/27 [hobgoblin[Robin] (5)]
  1594 | D:2      | Slain by a hobgoblin

Illustrated notes

Levels and vault maps discovered:
D:1:      lightli_arrival_farm, layout_basic, basic_ecumenical_altar
D:2:      layout_loops_ring, minmay_tromino_v4_c, uniq_crazy_yiuf_cottage,
          uniq_robin

Skill      XL: |  1  2  3 |
---------------+----------+-----
Dodging        | 3 |  3.0
Fighting       | |  2.4
Maces & Flails | |  3.9
Throwing       | |  1.9
Armour         | |  0.4
Stealth        | |  0.1

Action                   |  1- 3 |  4- 6 || total
-------------------------+-------+-------++-------
Melee: Flail             |   149 |     5 ||   154
Throw: Throwing net      |     2 |       ||     2
  Use: Scroll            |     2 |     1 ||     3
 Stab: Held in net/web   |     1 |       ||     1
Armor: Leather armour    |    61 |     2 ||    63
Dodge: Dodged            |    94 |     5 ||    99

Table legend: (Time is in decaauts)
 A = Elapsed time spent in this place.
 B = Non-inter-level travel time spent in this place.
 C = Inter-level travel time spent in this place.
 D = Time resting spent in this place.
 E = Time spent auto-exploring this place.
 F = Levels seen in this place.
 G = Mean time per level.
                   A        B        C        D        E       F      G
               +--------+--------+--------+--------+--------+-----+--------+
         Total |   1642 |   1576 |     66 |     29 |   1074 |   2 |  821.0 |
       Dungeon |   1642 |   1576 |     66 |     29 |   1074 |   2 |  821.0 |
               +--------+--------+--------+--------+--------+-----+--------+

Top non-repeatable levels by time:
     D:1: 993 daAuts
     D:2: 649 daAuts
